 Dungeon Crawl Stone Soup version 0.30-a0-390-g80c34de65d (webtiles) character file.

Game seed: 3220690549482012159

2938497 ratemal the Conqueror (level 27, 273/273 HPs)
             Began as a Minotaur Fighter on Nov 30, 2022.
             Was a High Priest of Okawaru.
             Escaped with the Orb
             ... and 5 runes on Dec 4, 2022!
             The game lasted 10:12:56 (79599 turns).

ratemal the Conqueror (Minotaur Fighter)           Turns: 79599, Time: 10:12:57

Health: 273/273    AC: 51    Str: 37    XL:     27
Magic:  21/21      EV: 21    Int:  5    God:    Okawaru [*****.]
Gold:   5663       SH:  0    Dex: 16    Spells: 33/35 levels left

rFire   + + +      SeeInvis +    D - +9 battleaxe (spect)
rCold   + + .      Faith    .    (shield currently unavailable)
rNeg    + + +      Spirit   .    g - +12 gold dragon scales
rPois   +          Reflect  .    B - +2 hat of the Land of Plenty {rN+ Dex+4 SInv}
rElec   +          Harm     .    r - +1 cloak "Zurestrai" {Rampage}
rCorr   .          Rampage  +    M - +2 pair of gloves
Will    ++...      Rage     3%   y - +1 pair of boots of Aruneacw {rElec rN++}
Stlth   ..........               K - amulet of regeneration
HPRegen 1.45/turn                S - ring "Ruutret" {rF+ rC+ MP-9 SInv}
MPRegen 0.17/turn                o - +6 ring of strength

@: studying 5 skills
A: horns 2, retaliatory headbutt, berserk 1, fire resistance 1, screaming 1,
weak 1
0: Orb of Zot
}: 5/15 runes: barnacled, slimy, silver, abyssal, gossamer
a: Renounce Religion, Heroism, Finesse, Duel


You escaped.
You worshipped Okawaru.
Okawaru was extremely pleased with you.
You visited 12 branches of the dungeon, and saw 56 of its levels.
You visited the Abyss 3 times.
You also visited: Trove, Sewer, Gauntlet, Volcano, Wizlab and Desolation.

You collected 9783 gold pieces.
You spent 4120 gold pieces at shops.

Inventory:

Hand Weapons
 d - a +8 great mace of flaming
 t - a +7 executioner's axe of chaos
 D - a +9 spectral battleaxe (weapon)
 T - the +4 broad axe of Conversion {protect, *Noise rF++}
   (Okawaru gifted it to you on level 2 of the Lair of Beasts)

   It grants its wielder temporary protection when it strikes (+7 to AC).
   rF:        It greatly protects you from fire.
   *Noise:    It may make noises in combat.
Missiles
 n - 18 silver javelins (quivered)
 v - 4 throwing nets
 E - 7 javelins
 I - 3 datura-tipped darts
 U - 10 curare-tipped darts
Armour
 c - the +0 kite shield of Valiance {rElec rC+ Dex+3}
   (Okawaru gifted it to you on level 3 of the Elven Halls)

   Dex:       It affects your dexterity (+3).
   rC:        It protects you from cold.
   rElec:     It insulates you from electricity.
 g - +12 gold dragon scales (worn)
 r - the +1 cloak "Zurestrai" (worn) {Rampage}
   (You found it on level 9 of the Dungeon)

   Rampage:   It bestows one free step when moving towards enemies.
 y - the +1 pair of boots of Aruneacw (worn) {rElec rN++}
   (You found it on level 5 of the Pits of Slime)

   rElec:     It insulates you from electricity.
   rN:        It greatly protects you from negative energy.
 B - the +2 hat of the Land of Plenty (worn) {rN+ Dex+4 SInv}
   (Okawaru gifted it to you on level 3 of the Shoals)

   Dex:       It affects your dexterity (+4).
   rN:        It protects you from negative energy.
   SInv:      It lets you see invisible.
 M - a +2 pair of gloves (worn)
 R - a scarf of resistance
Jewellery
 b - the ring of the Locust {rF+ rN+++ Str-5 Dex-3 SInv}
   (You found it on level 5 of the Pits of Slime)

   [ring of protection from fire]

   Str:       It affects your strength (-5).
   Dex:       It affects your dexterity (-3).
   rF:        It protects you from fire.
   rN:        It renders you almost immune to negative energy.
   SInv:      It lets you see invisible.
 o - a +6 ring of strength (right hand)
 z - the ring "Edofroel" {Fly rC++ rCorr AC+4 Str-5 Dex+3}
   (You acquired it on level 9 of the Dungeon)

   [ring of protection]

   AC:        It affects your AC (+4).
   Str:       It affects your strength (-5).
   Dex:       It affects your dexterity (+3).
   rC:        It greatly protects you from cold.
   Fly:       It grants you flight.
   rCorr:     It protects you from acid and corrosion.
 K - an amulet of regeneration (around neck)
 S - the ring "Ruutret" (left hand) {rF+ rC+ MP-9 SInv}
   (You bought it in a shop on level 1 of the Elven Halls)

   [ring of protection from cold]

   rF:        It protects you from fire.
   rC:        It protects you from cold.
   MP:        It affects your magic capacity (-9).
   SInv:      It lets you see invisible.
 V - a ring of poison resistance
Wands
 p - a wand of digging (17)
 q - a wand of mindburst (28)
 x - a wand of flame (89)
 H - a wand of polymorph (21)
 N - a wand of quicksilver (23)
 X - a wand of iceblast (47)
Scrolls
 e - 9 scrolls of poison
 k - 20 scrolls of teleportation
 m - 9 scrolls of fear
 w - 4 scrolls of silence
 C - 45 scrolls of identify
 J - 10 scrolls of vulnerability
 L - 10 scrolls of immolation
 Q - 4 scrolls of magic mapping
 Z - 11 scrolls of blinking
Potions
 a - 6 potions of might
 f - 10 potions of mutation
 h - 35 potions of curing
 i - 14 potions of magic
 j - 15 potions of lignification
 u - 11 potions of attraction
 A - 9 potions of resistance
 F - 6 potions of heal wounds
 G - 9 potions of haste
 O - 11 potions of invisibility
 P - 5 potions of cancellation
 W - 4 potions of berserk rage
Miscellaneous
 l - a condenser vane
 s - a lightning rod (4/4)
 Y - a phial of floods


   Skills:
 O Level 27 Fighting
 + Level 24.7 Axes
 - Level 16.0 Throwing
 O Level 27 Armour
 O Level 27 Dodging
 - Level 6.2 Shields
 + Level 4.8 Spellcasting
 + Level 14.8 Transmutations
 - Level 11.0 Invocations
 - Level 7.5 Evocations


You had 33 spell levels left.
You knew the following spells:

 Your Spells              Type           Power      Damage    Failure   Level
a - Wereblood             Tmut           16%        N/A       1%          2

Your spell library contained the following spells:

 Spells                   Type           Power      Damage    Failure   Level
 Beastly Appendage        Tmut           32%        N/A       1%          1
 Sting                    Tmut/Pois      32%        1d4       6%          1
 Blade Hands              Tmut           8%         N/A       9%          5
 Spider Form              Tmut/Pois      8%         N/A       19%         3
 Ignite Poison            Fire/Tmut/Pois 6%         N/A       45%         3
 Ice Form                 Ice/Tmut       8%         N/A       52%         4
 Petrify                  Tmut/Erth      8%         N/A       52%         4
 Apportation              Tloc           2%         N/A       78%         1
 Freeze                   Ice            4%         1d3       78%         1
 Kiss of Death            Conj/Necr      4%         2d5       78%         1
 Magic Dart               Conj           4%         1d3       78%         1
 Necrotise                Necr           4%         1d4       78%         1
 Slow                     Hex            4%         N/A       78%         1
 Alistair's Intoxication  Tmut/Pois      5%         N/A       86%         5
 Irradiate                Conj/Tmut      4%         3d13      86%         5
 Yara's Violent Unravell  Hex/Tmut       4%         3d4       86%         5
 Blink                    Tloc           2%         N/A       89%         2
 Cigotuvi's Dreadful Rot  Necr/Pois/Air  2%         N/A       89%         2
 Ensorcelled Hibernation  Hex/Ice        2%         N/A       89%         2
 Momentum Strike          Conj/Tloc      2%         3d8       89%         2
 Poisonous Vapours        Pois/Air       2%         N/A       89%         2
 Scorch                   Fire           2%         2d5       89%         2
 Searing Ray              Conj           2%         2d4       89%         2
 Sublimation of Blood     Necr           1%         N/A       89%         2
 Dragon Form              Tmut           8%         N/A       94%         7
 Confusing Touch          Hex            1%         N/A       98%         3
 Dazzling Flash           Conj/Hex       2%         N/A       98%         3
 Frozen Ramparts          Ice            2%         1d1       98%         3
 Gell's Gravitas          Tloc           1%         N/A       98%         3
 Hailstorm                Conj/Ice       1%         3d3       98%         3
 Inner Flame              Hex/Fire       1%         N/A       98%         3
 Kindle Blastsparks       Fire/Tloc/Air  2%         2d10      98%         3
 Lesser Beckoning         Tloc           2%         N/A       98%         3
 Ozocubu's Armour         Ice            1%         N/A       98%         3
 Portal Projectile        Hex/Tloc       2%         N/A       98%         3
 Stone Arrow              Conj/Erth      2%         3d7       98%         3
 Teleport Other           Tloc           1%         N/A       98%         3
 Vampiric Draining        Necr           1%         2d6       98%         3
 Vhi's Electric Charge    Tloc/Air       2%         N/A       98%         3
 Airstrike                Air            0%         2d(1-17)  100%        4
 Anguish                  Hex/Necr       0%         N/A       100%        4
 Cause Fear               Hex            0%         N/A       100%        4
 Dispel Undead            Necr           1%         3d6       100%        4
 Flame Wave               Conj/Fire      1%         2d4       100%        4
 Fulminant Prism          Conj/Hex       0%         3d5       100%        4
 Iskenderun's Mystic Bla  Conj/Tloc      1%         2d3       100%        4
 Leda's Liquefaction      Hex/Erth       0%         N/A       100%        4
 Manifold Assault         Tloc           1%         N/A       100%        4
 Olgreb's Toxic Radiance  Pois           1%         N/A       100%        4
 Passage of Golubria      Tloc           1%         N/A       100%        4
 Sticky Flame             Conj/Fire      1%         2d3       100%        4
 Agony                    Necr           1%         N/A       100%        5
 Arcjolt                  Conj/Air       0%         1d10      100%        5
 Borgnjor's Vile Clutch   Necr/Erth      0%         N/A       100%        5
 Freezing Cloud           Conj/Ice/Air   0%         6-21      100%        5
 Iskenderun's Battlesphe  Conj           1%         2d6       100%        5
 Lee's Rapid Deconstruct  Erth           0%         3d4*      100%        5
 Lightning Bolt           Conj/Air       0%         1d11      100%        5
 Metabolic Englaciation   Hex/Ice        0%         N/A       100%        5
 Silence                  Hex/Air        0%         N/A       100%        5
 Dispersal                Tloc           0%         N/A       100%        6
 Eringya's Noxious Bog    Tmut/Pois      4%         N/A       100%        6
 Iron Shot                Conj/Erth      0%         9d1       100%        6
 Statue Form              Tmut/Erth      5%         N/A       100%        6
 Enfeeble                 Hex            0%         N/A       100%        7
 Orb of Destruction       Conj           0%         9d5       100%        7
 Ozocubu's Refrigeration  Ice            0%         4d7       100%        7
 Discord                  Hex            0%         N/A       100%        8
 Disjunction              Tloc           0%         N/A       100%        8
 Ignition                 Fire           0%         3d3       100%        8
 Lehudib's Crystal Spear  Conj/Erth      0%         10d2      100%        8
 Maxwell's Capacitive Co  Air            0%         ∞         100%        8
 Necromutation            Tmut/Necr      4%         N/A       100%        8
 Chain Lightning          Conj/Air       0%         2d1       100%        9
 Death's Door             Necr           0%         N/A       100%        9
 Fire Storm               Conj/Fire      0%         6d1       100%        9
 Shatter                  Erth           0%         3d5*      100%        9
 Summon Small Mammal      Summ           Unusable   N/A       N/A         1
 Summon Guardian Golem    Hex/Summ       Unusable   N/A       N/A         3
 Tukima's Dance           Hex            Unusable   N/A       N/A         3
 Animate Armour           Summ/Erth      Unusable   N/A       N/A         4
 Animate Dead             Necr           Unusable   N/A       N/A         4
 Summon Ice Beast         Ice/Summ       Unusable   N/A       N/A         4
 Summon Lightning Spire   Summ/Air       Unusable   N/A       N/A         4
 Summon Forest            Summ/Tloc      Unusable   N/A       N/A         5
 Summon Mana Viper        Hex/Summ       Unusable   N/A       N/A         5
 Death Channel            Necr           Unusable   N/A       N/A         6
 Summon Cactus Giant      Summ           Unusable   N/A       N/A         6
 Spellforged Servitor     Conj/Summ      Unusable   N/A       N/A         7
 Infestation              Necr           Unusable   N/A       N/A         8
 Dragon's Call            Summ           Unusable   N/A       N/A         9

Dungeon Overview and Level Annotations

Branches:
Dungeon (15/15)            Temple (1/1) D:4            Lair (5/5) D:9
 Shoals (4/4) Lair:3       Spider (4/4) Lair:3        Slime (5/5) Lair:4
    Orc (2/2) D:12            Elf (3/3) Orc:2        Vaults (5/5) D:13
  Crypt (3/3) Vaults:3       Tomb (0/3) Crypt:3      Depths (4/4) D:15
    Zot (5/5) Depths:4      Sewer (visited)         Volcano (visited)
 WizLab (visited)         Desolation (visited)      Gauntlet (visited)

Altars:
Ashenzari
Cheibriados
Dithmenos
Fedhas
Gozag
Kikubaaqudgha
Makhleb
Nemelex Xobeh
Okawaru
Sif Muna
Trog
Vehumet
Wu Jian
Xom
Yredelemnul
Zin
The Shining One
Jiyva
Lugonu

Shops:
D:3 ?   D:4 (   D:9 ?   Orc:1 [*:   Orc:2 :[=!   Elf:1 :==   Elf:2 [
Shoals:1 (   Shoals:3 =   Shoals:4 [   Vaults:2 !   Vaults:3 ?   Vaults:4 :
Depths:2 *

Portals:
Hell: Depths:1 Depths:2 Depths:3 Depths:4
Abyss: Shoals:1 Depths:3
Pandemonium: Depths:2 Depths:3 Depths:4
Ziggurat: Depths:2

Annotations:
Shoals:1 1 runed translucent door, exclusions: door and 1 more exclusion


Innate Abilities, Weirdness & Mutations

You have a pair of horns on your head.
You reflexively headbutt those who attack you in melee.
You sometimes lose your temper in combat.
Your flesh is heat resistant. (rF+)
You occasionally shout uncontrollably at your foes.
You are weak. (Str -2)


Message History

You feel a little pissed off.
You rampage towards the neqoxec!
You barely miss the neqoxec. You headbutt the neqoxec!
The neqoxec is moderately wounded.
Your +9 spectral battleaxe hits the neqoxec!!
You barely miss the neqoxec. You headbutt the neqoxec.
You kill the neqoxec!
Okawaru accepts your kill.
There is a stone staircase leading up here.
You climb upwards.
There is a stone staircase leading down here.
There is an escape hatch in the ceiling here.
A mysterious force pulls you upwards. The hatch slams shut behind you.
You yell at the rust devil!
A rust devil comes into view.
You slice the rust devil!! You headbutt the rust devil.
The rust devil is severely wounded.
Your +9 spectral battleaxe hits the rust devil.
You hit the rust devil but do no damage.
You headbutt the rust devil.
The rust devil is severely wounded.
Your +9 spectral battleaxe hits the rust devil!
You kill the rust devil!
Okawaru accepts your kill.
There is an open door here.
You see here a +0 spear.
A blizzard demon comes into view.
The blizzard demon shouts!
The blizzard demon waves its arms in wide circles.
The air twists around and strikes you.
A demonspawn blood saint comes into view.
It is wielding a +0 dagger.
You see here a +0 club.
There is a stone staircase leading up, spattered with blood here.
You climb upwards.
There is a stone staircase leading down here.
Things that are here:
a +0 club; a gnoll skeleton
There is an open door here.
There is a staircase leading out of the dungeon here.
You have escaped!

...#######..####..#######.....###
##...........................## #
###########.###...######..### #
### #.###...).......# ##
##.###.....#..######.# #.
##...##..##.##.).#....# #.
##..#..##.##.####......#####.
###.......########...#....##...
#.............@#...#.#.......>.
#.#####'########...).####......
#..............##.######..#...#
#...........[.###.# #...###..#
#..........)>.#...# #.##......
##................####.#..###..
##...##....#............####†.
#######...#.###....##........
######### #...#.###...##.†####...


There were no monsters in sight!

Vanquished Creatures
  the Royal Jelly (Arena)
  4 dread liches
  4 orbs of fire
  Khufu (Crypt:1)
  7 ancient liches
  Mara (Depths:3)
  Mennas (Vaults:3)
  2 juggernauts
  Sojobo (Vaults:5)
  2 royal mummies (Crypt:1)
  Bai Suzhen (Crypt:2)
  4 Killer Klowns (Zot:5)
  2 caustic shrikes
  2 curse toes
  11 golden dragons
  A profane servitor (Crypt:3)
  3 bone dragons
  Arachne (Spider:2)
  A Tzitzimitl (D:14)
  4 electric golems
  3 pandemonium lords
  3 doom hounds (Crypt:2)
  Jorgrun (Orc:1)
  Rupert (D:14)
  A Brimstone Fiend (D:8)
  32 Orb Guardians
  A hellephant (Abyss:3)
  24 tentacled monstrosities
  11 liches
  3 deep elf blademasters
  Grunn (Crypt:2)
  Asterion (Spider:4)
  7 titans
  3 quicksilver dragons
  20 acid blobs
  3 krakens
  2 deep elf master archers (Elf:3)
  9 ancient champions
  9 death cobs
  6 sphinxes
  4 tentacled starspawn (Abyss:3)
  An Executioner (D:12)
  7 shadow dragons
  A thorn hunter (Abyss:3)
  7 tengu reavers
  Gastronok (D:10)
  10 storm dragons
  5 revenants
  Ilsuiw (Shoals:2)
  11 draconian monks
  6 rockslimes
  8 azure jellies
  11 frost giants
  2 iron dragons
  10 draconian scorchers
  5 emperor scorpions
  10 fire giants
  4 draconian knights
  3 imperial myrmidons (Desolation)
  4 deep elf sorcerers (WizLab)
  12 vault wardens
  An orc warlord (Vaults:3)
  Louise (Spider:1)
  3 deep elf elementalists (Elf:3)
  15 ironbound preservers
  15 draconian stormcallers
  9 draconian shifters
  5 ghost moths
  2 cacodemons
  A juggernaut zombie (Depths:2)
  2 curse skulls
  13 ghouls
  A demonspawn blood saint (Depths:1)
  26 very ugly things
  4 demonspawn corrupters (WizLab)
  5 draconian annihilators
  12 quicksilver oozes
  12 ironbound thunderhulks
  4 spriggan defenders
  3 war gargoyles
  5 reapers
  23 starcursed masses (Abyss:3)
  A juggernaut skeleton (Depths:2)
  A broodmother (Spider:2)
  8 deep elf demonologists
  12 deep elf annihilators
  5 vampire knights
  18 stone giants
  13 green draconians
  Nessos (Lair:4)
  The ghost of Buttudaq the Transmogrifier, a journeyman DgTm (Lair:4)
  9 white draconians
  A minotaur (Gauntlet)
  5 spark wasps
  2 lorocyprocas
  3 halazid warlocks (Desolation)
  13 black draconians
  7 dire elephants (Vaults:3)
  7 red draconians
  7 purple draconians
  7 merfolk javelineers
  11 yellow draconians
  A bunyip (shapeshifter) (Vaults:5)
  Snorg (D:13)
  3 blizzard demons
  15 ettins
  15 fire dragons
  9 deep elf death magi
  8 eidola
  19 jiangshi
  4 crystal guardians
  2 mummy priests (Crypt:3)
  2 green deaths
  8 ragged hierophants (Desolation)
  Josephine (D:14)
  11 deep elf high priests
  16 yaktaur captains
  30 vault guards
  8 merfolk impalers
  6 entropy weavers
  10 great orbs of eyes
  7 ice dragons
  An ice dragon (shapeshifter) (Vaults:1)
  The ghost of daodarkstar the Fighter, a journeyman DsFi of Gozag (D:9)
  A quicksilver dragon zombie (Crypt:3)
  Erolcha (D:12)
  4 spriggan air magi
  A fenstrider witch zombie (Crypt:3)
  7 hydras
  A salamander tyrant (Depths:3)
  2 rakshasas
  2 spriggan skeletons
  The ghost of Drevant2 the Basher, a journeyman AtFi of Okawaru (Orc:2)
  Fannar (Orc:1)
  Erica (D:8)
  6 servants of whispers (Desolation)
  The ghost of StikS32 the Basher, a novice TrBe of Trog (D:12)
  5 peacekeepers
  3 jorogumos
  7 boulder beetles
  2 alligator snapping turtles
  6 merfolk avatars
  18 centaur warriors
  2 radroaches
  5 merfolk aquamancers
  5 ogre magi
  A bennu zombie (Crypt:2)
  7 ironbound frosthearts
  2 catoblepae
  3 death knights
  3 deep troll shamans (Depths:2)
  5 satyrs
  18 two-headed ogres
  20 dancing weapons
  4 tengu warriors
  10 deep troll earth magi
  An orc high priest (Elf:1)
  A boulder beetle (shapeshifter) (Depths:2)
  7 death scarabs
  4 death yaks (Lair:5)
  3 hell hogs (D:14)
  6 thrashing horrors (Abyss:3)
  8 vampire magi
  Urug (Lair:3)
  12 hell knights
  4 sun demons
  19 deep elf knights
  A titan zombie (Depths:3)
  8 spriggan berserkers
  A titan skeleton (Crypt:2)
  5 soul eaters
  8 pharaoh ants
  An iron giant zombie (Crypt:2)
  4 shadow wraiths
  5 iron trolls
  5 skeletal warriors
  4 wretched stars (Abyss:3)
  6 sixfirhies
  A sun moth (Spider:4)
  A quicksilver dragon simulacrum (Crypt:2)
  63 deep trolls
  A bunyip zombie (Crypt:1)
  A deep troll (shapeshifter) (Depths:1)
  14 sea snakes
  A spark wasp zombie (Depths:3)
  8 flayed ghosts
  3 golden dragon zombies
  An iron giant skeleton (Crypt:2)
  8 orb spiders
  A death drake (shapeshifter) (Depths:2)
  3 bog bodies
  9 phantasmal warriors
  5 glowing orange brains
  An orb spider (shapeshifter) (D:14)
  2 steelbarb worms
  7 deep elf archers
  2 shadow demons
  2 spectral wolf spiders (Spider:4)
  23 ironbound convokers
  2 harpies (shapeshifter)
  A swamp dragon (shapeshifter) (Vaults:5)
  14 wizards
  14 harpies
  A wolf spider zombie (Spider:4)
  4 oklob plants
  7 lindwurms
  2 orc knights (Vaults:3)
  15 necromancers
  42 ugly things
  A wolf spider (shapeshifter) (Vaults:5)
  22 deep elf pyromancers
  37 deep elf zephyrmancers
  17 wolf spiders
  2 fire giant zombies
  23 manticores
  3 tengu skeletons
  3 shining eyes
  5 orc sorcerers
  9 fauns
  40 moths of wrath
  2 salamanders (Depths:3)
  A goliath frog skeleton (Crypt:3)
  7 worldbinders
  7 cyclopes
  A shadow dragon skeleton (Vaults:4)
  A naga zombie (Crypt:1)
  Joseph (D:8)
  8 elephants
  An iron dragon skeleton (Crypt:2)
  8 water nymphs
  7 merfolk sirens
  Maurice (Orc:1)
  4 molten gargoyles
  A titan simulacrum (Crypt:1)
  4 apocalypse crabs
  3 torpor snails
  2 black mambas
  A naga mage (D:15)
  2 orange demons
  18 vault sentinels
  2 guardian serpents
  6 rust devils
  A centaur zombie (D:15)
  A gargoyle (D:10)
  16 demonic crawlers
  12 cane toads
  5 smoke demons
  2 unseen horrors (Abyss:3)
  3 spectral redbacks (Spider:4)
  4 efreet
  A yaktaur zombie (Vaults:1)
  An alligator snapping turtle skeleton (Crypt:1)
  7 komodo dragons
  7 human zombies
  2 kobold demonologists (D:12)
  An elf skeleton (Vaults:1)
  A komodo dragon (shapeshifter) (Elf:1)
  8 freezing wraiths
  3 redback zombies (Spider:4)
  4 tengu conjurers
  2 rime drakes
  32 yaktaurs
  A minotaur skeleton (Crypt:2)
  5 guardian mummies (Crypt:3)
  A yaktaur skeleton (Vaults:2)
  5 ancient zymes (Abyss:3)
  A green draconian skeleton (Crypt:1)
  2 hellwings
  7 ice devils
  6 hornets
  4 polar bears
  37 merfolk
  2 merfolk (shapeshifter)
  A meliai (shapeshifter) (Vaults:5)
  9 meliai
  6 red devils
  10 trolls
  A harpy zombie (Crypt:2)
  A troll (shapeshifter) (Elf:3)
  14 raiju (Abyss:3)
  An iron troll skeleton (Crypt:1)
  Grinder (D:3)
  A moth of wrath zombie (Crypt:1)
  15 wind drakes
  30 saltlings (Desolation)
  21 tarantellas
  10 large abominations
  3 spectral culicivoras (Spider:4)
  Prince Ribbit (D:7)
  25 dream sheep
  A harpy skeleton (Crypt:3)
  3 spectral jumping spiders (Spider:4)
  3 spectral tarantellas (Spider:4)
  2 tarantella zombies (Spider:4)
  A meliai zombie (D:15)
  2 raiju (shapeshifter)
  A tarantella (shapeshifter) (D:14)
  A snapping turtle (shapeshifter) (D:14)
  7 snapping turtles
  A boulder beetle zombie (Crypt:1)
  92 slime creatures
  2 human simulacra
  24 blink frogs
  An ettin zombie (Vaults:2)
  An iron dragon simulacrum (Crypt:2)
  20 jumping spiders
  A radroach zombie (Crypt:3)
  2 stone giant simulacra
  2 centaur simulacra (Crypt:2)
  A blink frog (shapeshifter) (Elf:1)
  9 air elementals
  25 flying skulls
  6 wyverns
  4 shadows
  An elf simulacrum (Vaults:1)
  15 water elementals
  12 culicivoras
  A vampire (D:13)
  2 fire elementals
  5 spriggans
  9 wraiths
  2 ynoxinuls (Abyss:3)
  41 yaks
  A fire bat (Abyss:3)
  A basilisk (shapeshifter) (D:15)
  2 humans (D:12)
  42 redbacks
  An ogre zombie (Vaults:1)
  4 neqoxecs
  2 chaos spawn (Abyss:3)
  8 vampire mosquitoes
  13 small abominations
  3 steam dragons
  An acid dragon (D:13)
  3 wargs
  13 water moccasins
  2 cane toad zombies
  2 glowing shapeshifter skeletons
  4 floating eyes
  18 orc warriors
  An ogre skeleton (Vaults:4)
  2 ice beasts
  11 black bears
  A manticore zombie (Crypt:3)
  A sky beast (Abyss:3)
  A boggart (D:12)
  A black bear (shapeshifter) (Elf:3)
  32 ogres
  27 wolves
  2 elephant skeletons
  13 centaurs
  2 kobold brigands
  A gnoll sergeant (D:11)
  5 necrophages
  12 bullfrogs
  An ogre simulacrum (Vaults:2)
  3 scorpions
  An earth elemental (Elf:1)
  12 wights
  2 human skeletons
  A spriggan zombie (Crypt:2)
  A queen bee zombie (Crypt:3)
  A killer bee (shapeshifter) (Vaults:5)
  22 killer bees
  3 electric eels
  5 lava snakes (D:14)
  7 howler monkeys
  A crimson imp (Abyss:3)
  7 hounds
  2 gnoll boudas
  A bullfrog skeleton (Crypt:3)
  13 orc priests
  An iron imp (Abyss:3)
  An iguana (D:4)
  17 orc wizards
  A statue (D:9)
  A boggart skeleton (D:15)
  A deep dwarf zombie (Crypt:2)
  A mummy (Crypt:1)
  13 adders
  17 gnolls
  5 river rats (Sewer)
  5 white imps
  An ufetubus (D:4)
  A lava snake skeleton (Crypt:1)
  A worm (D:3)
  2 dart slugs (D:1)
  86 orcs
  14 endoplasms
  2 giant cockroaches
  5 goblins
  6 hobgoblins
  15 jackals
  8 quokkas
  9 ball pythons
  A ball python zombie (Crypt:3)
  14 bats
  12 frilled lizards
  2 hobgoblin skeletons
  16 kobolds
  A kobold skeleton (Crypt:2)
  9 rats
  A bush (Lair:5)
  9 fire vortices (Depths:1)
  A lurking horror (Abyss:3)
  2 plants
  8 tentacles
2806 creatures vanquished.

Vanquished Creatures (others)
  A pandemonium lord (Depths:1)
  A golden dragon (Zot:3)
  A draconian scorcher (Zot:4)
  An orange demon (Depths:1)
  A saltling (Desolation)
  A chaos spawn (Depths:1)
  A human (D:10)
  A small abomination (Depths:1)
  55 fungi
  A lurking horror (Abyss:3)
  119 plants
  6 starspawn tentacles (Abyss:3)
  11 tentacles
200 creatures vanquished.

Grand Total: 3006 creatures vanquished

Notes
Turn   | Place    | Note
-------+----------+-------------------------------------------
     0 | D:1      | ratemal the Minotaur Fighter began the quest for the Orb.
     0 | D:1      | Reached XP level 1. HP: 19/19 MP: 0/0
   131 | D:1      | Reached XP level 2. HP: 25/27 MP: 1/1
   278 | D:1      | Reached skill level 1 in Dodging
   412 | D:1      | Reached XP level 3. HP: 33/33 MP: 2/2
   464 | D:1      | Found a faded altar of an unknown god.
   838 | D:1      | Reached XP level 4. HP: 38/40 MP: 3/3
  1216 | D:2      | Found an opulent altar of Gozag.
  1832 | D:3      | Reached XP level 5. HP: 47/47 MP: 4/4
  1866 | D:3      | Noticed Grinder
  1870 | D:3      | Killed Grinder
  1871 | D:3      | Reached skill level 5 in Axes
  1871 | D:3      | Reached XP level 6. HP: 55/55 MP: 5/5
  2008 | D:3      | Found a glowing drain.
  2012 | Sewer    | Entered a sewer
  2052 | Sewer    | Reached skill level 5 in Fighting
  2159 | Sewer    | Reached skill level 5 in Armour
  2232 | Sewer    | Reached skill level 5 in Shields
  2557 | Sewer    | Reached XP level 7. HP: 53/61 MP: 6/6
  2732 | D:3      | Found Rauqurr's Magic Scroll Emporium.
  2756 | D:3      | Bought a scroll of brand weapon for 114 gold pieces
  2805 | D:3      | Bought a scroll of identify for 24 gold pieces
  2837 | D:3      | Gained mutation: Your muscles are strong. (Str +4, Int/Dex
                  | -1) [potion of mutation]
  3334 | D:4      | Identified the +8 flail of Blood {venom, Int+3 Dex+4}
  3394 | D:4      | Found Riklu's Weapon Shoppe.
  3468 | D:4      | Found a staircase to the Ecumenical Temple.
  3474 | Temple   | Entered the Ecumenical Temple
  3482 | Temple   | Became a worshipper of Warmaster Okawaru
  3610 | D:5      | Entered Level 5 of the Dungeon
  3812 | D:5      | Found a glowing silver altar of Zin.
  4099 | D:5      | Reached XP level 8. HP: 70/70 MP: 7/7
  4315 | D:5      | Found a shadowy altar of Dithmenos.
  4338 | D:5      | Reached * piety under Okawaru
  4950 | D:6      | Reached skill level 1 in Throwing
  5682 | D:6      | Found a shimmering blue altar of Sif Muna.
  5816 | D:6      | Reached skill level 5 in Dodging
  6320 | D:6      | Reached XP level 9. HP: 78/78 MP: 5/8
  6348 | D:6      | Found a sparkling altar of Nemelex Xobeh.
  6756 | D:7      | Reached ** piety under Okawaru
  6819 | D:7      | Noticed Prince Ribbit
  6837 | D:7      | Killed Prince Ribbit
  7480 | D:7      | Found a blossoming altar of Fedhas.
  7709 | D:8      | Identified the +0 chain mail of Pan-Flutes {rF- Str+4 Int+2
                  | Dex+7}
  7727 | D:8      | Reached skill level 10 in Axes
  7964 | D:8      | Noticed Joseph
  7994 | D:8      | Killed Joseph
  7994 | D:8      | Reached *** piety under Okawaru
  8110 | D:8      | Found a basalt altar of Yredelemnul.
  8144 | D:8      | Noticed Erica
  8358 | D:8      | Killed Erica
  8359 | D:8      | Reached XP level 10. HP: 75/90 MP: 7/9
  8673 | D:8      | Noticed a centaur warrior
  8697 | D:8      | Killed a centaur warrior
  8698 | D:8      | Reached skill level 5 in Throwing
  8820 | D:8      | Reached **** piety under Okawaru
  8851 | D:8      | Received a gift from Okawaru
  9380 | D:9      | Found Arphacwuc's Magic Scroll Shop.
  9386 | D:9      | Bought a scroll of identify for 26 gold pieces
  9386 | D:9      | Bought a scroll of identify for 26 gold pieces
  9386 | D:9      | Bought a scroll of blinking for 97 gold pieces
  9408 | D:9      | Received a gift from Okawaru
  9418 | D:9      | Found a radiant altar of Vehumet.
  9445 | D:9      | Reached skill level 10 in Fighting
  9472 | D:9      | Reached XP level 11. HP: 95/99 MP: 10/10
  9526 | D:9      | Reached skill level 1 in Invocations
  9544 | D:9      | Received a gift from Okawaru
  9590 | D:9      | Found a staircase to the Lair.
  9609 | D:9      | Noticed a tengu warrior
  9617 | D:9      | Killed a tengu warrior
  9617 | D:9      | Reached ***** piety under Okawaru
  9974 | D:9      | Found a runed translucent gate.
  9974 | D:9      | Identified the +7 plate armour of Wu Jian, Bespelling
                  | {rPois rCorr Str-3 Stlth+}
  9974 | D:9      | Noticed daodarkstar's ghost (journeyman DsFi)
  9975 | D:9      | Found a runed translucent gate.
  9976 | D:9      | Found a runed translucent gate.
 10030 | D:9      | Killed daodarkstar's ghost
 10122 | D:9      | Identified a scroll of acquirement
 10140 | D:9      | Identified the +10 short sword of Rotation {vamp, rElec rC-
                  | rN+ Int+6}
 10141 | D:9      | Identified the +1 cloak "Zurestrai" {Rampage}
 10148 | D:9      | Identified the +1 leather armour "Tiro" {Str+2}
 10209 | D:9      | Acquired the ring "Edofroel" {Fly rC++ rCorr AC+4 Str-5
                  | Dex+3}
 10223 | D:9      | Bought a scroll of enchant weapon for 97 gold pieces
 10405 | Lair:1   | Entered Level 1 of the Lair of Beasts
 10414 | Lair:1   | Received a gift from Okawaru
 10746 | Lair:1   | Reached skill level 15 in Axes
 10993 | Lair:1   | Noticed an oklob plant
 10999 | Lair:1   | Killed an oklob plant
 11105 | Lair:1   | Reached XP level 12. HP: 110/110 MP: 14/14
 11387 | D:3      | Bought a scroll of immolation for 48 gold pieces
 11579 | Lair:2   | Reached skill level 5 in Invocations
 11682 | Lair:2   | You are sucked into a shaft and drop 1 floor!
 11837 | Lair:2   | Identified the +4 broad axe of Conversion {protect, *Noise
                  | rF++} (Okawaru gifted it to you on level 2 of the Lair of
                  | Beasts)
 11837 | Lair:2   | Received a gift from Okawaru
 12095 | Lair:2   | Found a dark tunnel.
 12105 | Volcano  | Entered a volcano
 12462 | Volcano  | Got Sif Muna's Grimoire of Glamour
 12552 | Lair:2   | Learned a level 2 spell: Wereblood
 12567 | Lair:2   | Acquired the +7 plate armour "Jungueh" {rC+ Int+3}
 12720 | Lair:2   | Noticed a seven-headed hydra
 12752 | Lair:2   | Killed a seven-headed hydra
 13135 | Lair:3   | Noticed a seven-headed hydra
 13143 | Lair:3   | Killed a seven-headed hydra
 13192 | Lair:3   | Received a gift from Okawaru
 13206 | Lair:3   | Noticed Urug
 13230 | Lair:3   | Killed Urug
 13231 | Lair:3   | Reached XP level 13. HP: 74/122 MP: 10/17
 13524 | Lair:3   | Found a hole to the Spider Nest.
 13694 | Lair:3   | Reached skill level 1 in Evocations
 13768 | Lair:3   | Found a staircase to the Shoals.
 14076 | Lair:4   | Identified the +3 ring mail of Gegus {Harm Str+3 SInv
                  | Stlth-} (Okawaru gifted it to you on level 4 of the Lair of
                  | Beasts)
 14076 | Lair:4   | Received a gift from Okawaru
 14373 | Lair:4   | Found a viscous altar of Jiyva.
 14547 | Lair:4   | Found a staircase to the Slime Pits.
 14625 | Lair:4   | Found a runed translucent door.
 14629 | Lair:4   | Noticed Buttudaq's ghost (journeyman DgTm)
 14646 | Lair:4   | Killed Buttudaq's ghost
 14719 | Lair:4   | Noticed Nessos
 14729 | Lair:4   | Killed Nessos
 15138 | Lair:4   | Found a bloodstained altar of Trog.
 15590 | Lair:5   | Entered Level 5 of the Lair of Beasts
 16537 | Lair:5   | Reached XP level 14. HP: 118/133 MP: 19/19
 16574 | Lair:5   | Identified the +8 hand crossbow of the Unkillable {flame,
                  | rElec}
 16773 | Lair:5   | Identified the +1 plate armour of the Locust {Str+3}
                  | (Okawaru gifted it to you on level 5 of the Lair of Beasts)
 16773 | Lair:5   | Received a gift from Okawaru
 17319 | Lair:5   | Upgraded the game from 0.30-a0-377-g5cb311bc9f to
                  | 0.30-a0-378-g86d51d8b50
 17415 | D:10     | Entered Level 10 of the Dungeon
 17454 | D:10     | Found an ancient bone altar of Kikubaaqudgha.
 17783 | D:10     | Noticed Gastronok
 17813 | D:10     | Killed Gastronok
 18757 | D:11     | Got the Commentary on Fetching Coordinates
 18985 | D:11     | Identified the +1 leather armour of Utruev {+Inv rPois rC+
                  | Regen+}
 19331 | D:11     | Reached skill level 5 in Evocations
 20136 | D:12     | Identified the +5 chain mail of Mytotuk {Str+2}
 20142 | D:12     | Found a staircase to the Orcish Mines.
 20290 | D:12     | Found a runed translucent door.
 20301 | D:12     | Noticed StikS32's ghost (novice TrBe)
 20301 | D:12     | Identified the +6 spear "Xenydgh" {spect, Drain rN+++ Str-3
                  | Dex+5}
 20492 | D:12     | Found an iron altar of Okawaru.
 20642 | D:12     | Reached skill level 15 in Fighting
 20908 | D:12     | Noticed Erolcha
 20912 | D:12     | Received a gift from Okawaru
 20915 | D:12     | Killed Erolcha
 21437 | D:12     | Killed StikS32's ghost
 21678 | D:13     | Noticed Snorg
 21690 | D:13     | Killed Snorg
 21704 | D:13     | Received a gift from Okawaru
 22322 | D:13     | Found a gate to the Vaults.
 22460 | Orc:1    | Entered Level 1 of the Orcish Mines
 22460 | Orc:1    | Found Koowkur's Armour Boutique.
 22460 | Orc:1    | You are sucked into a shaft and drop 1 floor!
 22460 | Orc:2    | Entered Level 2 of the Orcish Mines
 22697 | Orc:2    | Found a staircase to the Elven Halls.
 22724 | Orc:2    | Reached XP level 15. HP: 141/141 MP: 21/21
 22745 | Orc:1    | Noticed Maurice
 22752 | Orc:1    | Killed Maurice
 22804 | Orc:2    | Found Cukhiel's Book Shoppe.
 22804 | Orc:2    | Found Kogoym's Jewellery Boutique.
 22805 | Orc:2    | Found Alyemuod's Antique Armour Boutique.
 22805 | Orc:2    | Found Osyunoa's Distillery.
 22812 | Orc:2    | Reached skill level 10 in Armour
 22839 | Orc:2    | Received a gift from Okawaru
 22845 | Orc:2    | Reached ****** piety under Okawaru
 22852 | Orc:2    | Reached skill level 10 in Invocations
 22993 | Orc:2    | Found a gate leading to a gauntlet.
 23002 | Gauntlet | Entered a Gauntlet
 23002 | Gauntlet | Found a transporter.
 23016 | Gauntlet | Found a transporter.
 23018 | Gauntlet | Found a transporter.
 23035 | Gauntlet | Found a transporter.
 23040 | Gauntlet | Found a transporter.
 23042 | Gauntlet | Found a large runed translucent door.
 23042 | Gauntlet | Found a large runed translucent door.
 23043 | Gauntlet | Found a large runed translucent door.
 23043 | Gauntlet | Found a large runed translucent door.
 23044 | Gauntlet | Found a large runed translucent door.
 23044 | Gauntlet | Found a large runed translucent door.
 23044 | Gauntlet | Found a runed translucent door.
 23044 | Gauntlet | Found a runed translucent door.
 23044 | Gauntlet | Found a large runed translucent door.
 23045 | Gauntlet | Found a transporter.
 23062 | Gauntlet | Found a transporter.
 23077 | Gauntlet | Found a large runed translucent door.
 23078 | Gauntlet | Found a large runed translucent door.
 23079 | Gauntlet | Found a large runed translucent door.
 23079 | Gauntlet | Found a large runed translucent door.
 23080 | Gauntlet | Found a runed translucent gate.
 23081 | Gauntlet | Found a transporter.
 23081 | Gauntlet | Found a runed translucent gate.
 23082 | Gauntlet | Found a runed translucent gate.
 23083 | Gauntlet | Found a large runed translucent door.
 23083 | Gauntlet | Found a large runed translucent door.
 23084 | Gauntlet | Found a large runed translucent door.
 23085 | Gauntlet | Found a large runed translucent door.
 23093 | Gauntlet | Found a transporter.
 23105 | Gauntlet | Found a transporter.
 23117 | Gauntlet | Found a transporter.
 23129 | Gauntlet | Found a transporter.
 23146 | Gauntlet | Found a transporter.
 23164 | Gauntlet | Found a transporter.
 23166 | Gauntlet | Found a transporter.
 23193 | Gauntlet | Found a transporter.
 23271 | Gauntlet | Found a transporter.
 23291 | Gauntlet | Found a transporter.
 23307 | Gauntlet | Found a large runed translucent door.
 23551 | Gauntlet | Reached skill level 10 in Dodging
 23652 | Gauntlet | Identified the +1 cloak of Gravitas {rN+ Str+6}
 24056 | Orc:2    | Bought a shiny plate armour for 650 gold pieces
 24282 | Orc:2    | Found a runed translucent door.
 24283 | Orc:2    | Noticed Drevant2's ghost (journeyman AtFi)
 24291 | Orc:2    | Killed Drevant2's ghost
 24432 | Orc:1    | Found Neoczaj's Book Boutique.
 24484 | Orc:1    | Noticed Fannar
 24501 | Orc:1    | Killed Fannar
 24603 | Orc:1    | Found Odec's General Store.
 24618 | Orc:1    | Bought a scroll of blinking for 75 gold pieces
 24618 | Orc:1    | Bought a potion of might for 40 gold pieces
 24704 | Orc:1    | Noticed Jorgrun
 24718 | Orc:1    | Killed Jorgrun
 25213 | D:14     | Found a bloodstained altar of Trog.
 25663 | D:14     | Noticed Josephine
 25674 | D:14     | Killed Josephine
 25991 | D:14     | Received a gift from Okawaru
 26328 | D:14     | Identified the amulet of the Last Cities {Spirit Int+5
                  | Slay+3}
 26420 | D:14     | Noticed a sphinx
 26426 | D:14     | Killed a sphinx
 26509 | D:14     | Noticed a frost giant
 26520 | D:14     | Killed a frost giant
 26521 | D:14     | Reached XP level 16. HP: 139/151 MP: 23/23
 26561 | D:14     | Got Sidghofidgh's Atlas of Wanderlust and Geology
 26640 | D:14     | Noticed Rupert
 26661 | D:14     | Killed Rupert
 26882 | D:15     | Entered Level 15 of the Dungeon
 26950 | D:15     | Received a gift from Okawaru
 27299 | D:15     | Reached skill level 10 in Throwing
 27373 | D:15     | Identified the +0 robe of the Unbroken {Dex+6} (Okawaru
                  | gifted it to you on level 15 of the Dungeon)
 27373 | D:15     | Received a gift from Okawaru
 27435 | D:15     | Found a staircase to the Depths.
 28633 | Shoals:1 | Entered Level 1 of the Shoals
 28940 | Shoals:1 | Found Ixkeumm's Antique Weapon Emporium.
 29094 | Shoals:1 | Found a runed translucent door.
 29163 | Shoals:1 | Found a corrupted altar of Lugonu.
 29164 | Shoals:1 | Found a one-way gate to the infinite horrors of the Abyss.
 29642 | Shoals:1 | Noticed a kraken
 29652 | Shoals:1 | Killed a kraken
 30346 | Shoals:2 | Noticed Ilsuiw
 30371 | Shoals:2 | Killed Ilsuiw
 30797 | Shoals:2 | Noticed a kraken
 30804 | Shoals:2 | Killed a kraken
 31297 | Shoals:2 | Identified the +7 long sword of Adwis {flame, Fly rPois rN+
                  | Int-3}
 31665 | Shoals:3 | Identified the +2 hat of the Land of Plenty {rN+ Dex+4
                  | SInv} (Okawaru gifted it to you on level 3 of the Shoals)
 31665 | Shoals:3 | Received a gift from Okawaru
 32069 | Shoals:3 | Reached XP level 17. HP: 161/161 MP: 24/24
 32081 | Shoals:3 | Found Quggab's Jewellery Shoppe.
 32575 | Shoals:3 | Noticed a kraken
 32582 | Shoals:3 | Killed a kraken
 32969 | Shoals:4 | Entered Level 4 of the Shoals
 33682 | Shoals:4 | Identified the +1 hat "Diubox" {Drain rN+ Str+7}
 33703 | Shoals:4 | Got a barnacled rune of Zot
 34224 | Shoals:4 | Identified the +6 quarterstaff "Kaodoy" {pain, rF+ Dex+3}
 34420 | Shoals:4 | Found Zeus's Dragon-Slaying Spoils.
 34428 | Shoals:4 | Bought +0 gold dragon scales for 1120 gold pieces
 34583 | Shoals:4 | Received a gift from Okawaru
 35002 | D:3      | Bought a scroll of enchant armour for 90 gold pieces
 35379 | Spider:1 | Entered Level 1 of the Spider Nest
 35385 | Spider:1 | Received a gift from Okawaru
 35385 | Spider:1 | Noticed Louise
 35420 | Spider:1 | Killed Louise
 35561 | Spider:1 | Upgraded the game from 0.30-a0-378-g86d51d8b50 to
                  | 0.30-a0-385-gfebfb9b408
 37058 | Spider:2 | Noticed Arachne
 37069 | Spider:2 | Killed Arachne
 37151 | Spider:2 | Received a gift from Okawaru
 37517 | Spider:2 | Reached XP level 18. HP: 131/172 MP: 25/25
 38154 | Spider:2 | You are sucked into a shaft and drop 1 floor!
 39211 | Spider:3 | Identified the +0 pair of gloves "Wurrutee" {rPois rC+
                  | Regen+ Str-5} (Okawaru gifted it to you on level 3 of the
                  | Spider Nest)
 39211 | Spider:3 | Received a gift from Okawaru
 39355 | Spider:3 | Acquired the ring "Forget-Me-Not" {Drain rElec rPois rN++
                  | rCorr Int-3}
 39649 | Spider:4 | Entered Level 4 of the Spider Nest
 39990 | Spider:4 | Reached skill level 15 in Armour
 40339 | Spider:4 | Identified the +0 leather armour "Uheampad" {Str-2 Slay+5}
 40406 | Spider:4 | Paralysed by a jorogumo for 1 turns
 41015 | Spider:4 | Got a gossamer rune of Zot
 41183 | Spider:4 | Noticed Asterion
 41188 | Spider:4 | Killed Asterion
 41539 | Elf:1    | Entered Level 1 of the Elven Halls
 41648 | Elf:1    | Received a gift from Okawaru
 41656 | Elf:1    | Gained mutation: You occasionally shout uncontrollably at
                  | your foes. [a neqoxec]
 41694 | Elf:1    | Found Luhir's Book Emporium.
 41694 | Elf:1    | Found Ererurro's Jewellery Boutique.
 41698 | Elf:1    | Found Neacuen's Jewellery Boutique.
 41722 | Elf:1    | Bought the ring "Ruutret" {rF+ rC+ MP-9 SInv} for 300 gold
                  | pieces
 42015 | Elf:1    | Paralysed by an air elemental for 1 turns
 42030 | Elf:1    | Paralysed by an air elemental for 1 turns
 42058 | Elf:1    | Identified the +8 hand axe of Lies {venom, Str-4 Int+5}
 42177 | Elf:1    | Reached XP level 19. HP: 169/183 MP: 18/26
 42457 | Elf:1    | Found a shimmering blue altar of Sif Muna.
 42830 | Elf:2    | Received a gift from Okawaru
 42858 | Elf:2    | Reached skill level 15 in Dodging
 42973 | Elf:2    | Received a gift from Okawaru
 43206 | Elf:2    | Found a huge runed translucent gate.
 43208 | Elf:2    | Found a huge runed translucent gate.
 43213 | Elf:2    | Found a huge runed translucent gate.
 43214 | Elf:2    | Found a huge runed translucent gate.
 43214 | Elf:2    | Found a huge runed translucent gate.
 43316 | Elf:2    | Identified the +10 arbalest of Beogh, Building {freeze,
                  | rPois}
 43648 | Elf:2    | Paralysed by an air elemental for 1 turns
 43741 | Elf:2    | Received a gift from Okawaru
 43987 | Elf:2    | Found Naagair's Antique Armour Boutique.
 44034 | Elf:2    | Bought a glowing hat for 189 gold pieces
 44214 | Elf:2    | Received a gift from Okawaru
 44536 | Elf:2    | Received a gift from Okawaru
 44877 | Elf:3    | Entered Level 3 of the Elven Halls
 44926 | Elf:3    | Paralysed by an air elemental for 1 turns
 44964 | Elf:3    | Identified the +0 kite shield of Valiance {rElec rC+ Dex+3}
                  | (Okawaru gifted it to you on level 3 of the Elven Halls)
 44964 | Elf:3    | Received a gift from Okawaru
 45537 | Elf:3    | Noticed a Brimstone Fiend
 46099 | Elf:3    | Identified the +7 great sword of the Pyrrhic Victory
                  | {flame, Dex+2}
 46300 | Elf:3    | Found the +10 Black Knight's barding {ponderous, rPois rN+}
 46306 | Elf:3    | Got Veylen's Compilation of Firn and the Map
 46351 | Elf:3    | Got Xofret's Incunable of Snowy Combat Magic
 46357 | Elf:3    | Identified the +6 falchion "Ogioxt" {vorpal, rC++}
 46846 | Vaults:1 | Entered Level 1 of the Vaults
 47171 | Vaults:1 | Identified the -1 pair of boots of the Special Nights {rN+}
                  | (Okawaru gifted it to you on level 1 of the Vaults)
 47171 | Vaults:1 | Received a gift from Okawaru
 47172 | Vaults:1 | Reached XP level 20. HP: 195/195 MP: 18/27
 47183 | Vaults:1 | Reached skill level 15 in Throwing
 47957 | Vaults:1 | Found the +5 glaive of the Guard {elec, spectral, AC+5}
 49656 | Vaults:2 | Found a crumbling gateway.
 49660 | Desolati | Entered the Desolation of Salt
 49714 | Desolati | Received a gift from Okawaru
 49951 | Desolati | Identified the ring "Ecuopp" {Str+2 Dex+4 SInv}
 49952 | Desolati | Received a gift from Okawaru
 50405 | Desolati | Identified the +5 plate armour of Zif Qej {Stlth+}
 50639 | Desolati | Identified the +3 chain mail "Hang" {Will- rCorr Str-3
                  | Dex+9} (Okawaru gifted it to you in the Desolation of Salt)
 50639 | Desolati | Received a gift from Okawaru
 50894 | Desolati | Identified the +1 robe of Zecapett {rElec Str-5 Int+5}
 50933 | Desolati | Identified the +0 plate armour "Puateuluo" {Str+2}
 50949 | Desolati | Identified the +1 cloak of the End {rN+ Str-5 Slay+2}
 50951 | Desolati | Got the Collected Works on Forceful Gusts
 51629 | Vaults:2 | Reached XP level 21. HP: 204/206 MP: 19/28
 51687 | Vaults:2 | Found Xoimoel's Distillery.
 51696 | Vaults:2 | Bought a potion of resistance for 180 gold pieces
 51696 | Vaults:2 | Bought a potion of might for 72 gold pieces
 51696 | Vaults:2 | Bought a potion of curing for 54 gold pieces
 51696 | Vaults:2 | Bought a potion of mutation for 144 gold pieces
 51696 | Vaults:2 | Bought a potion of haste for 180 gold pieces
 52149 | Vaults:3 | Identified the +2 plate armour "Luska" {Harm rF+}
 52371 | Vaults:3 | Identified the +2 buckler of the Lost Leylines {-Cast rElec
                  | Dex+4 SInv} (Okawaru gifted it to you on level 3 of the
                  | Vaults)
 52371 | Vaults:3 | Received a gift from Okawaru
 52477 | Vaults:3 | Found a staircase to the Crypt.
 52998 | Vaults:3 | Noticed Mennas
 53013 | Vaults:3 | Killed Mennas
 53325 | Vaults:3 | Identified the +4 robe "Jiycwemumo" {Rampage *Slow rElec}
 53429 | Vaults:3 | Found Kebb's Magic Scroll Emporium.
 53436 | Vaults:3 | Bought a scroll of teleportation for 54 gold pieces
 53436 | Vaults:3 | Bought a scroll of blinking for 135 gold pieces
 53436 | Vaults:3 | Bought a scroll of enchant armour for 135 gold pieces
 53436 | Vaults:3 | Bought a scroll of teleportation for 54 gold pieces
 54057 | Vaults:4 | Found Nukkodgh's Book Boutique.
 54110 | Vaults:4 | Received a gift from Okawaru
 54320 | Vaults:4 | Identified the +7 flail "Juafitutz" {spect, rElec rC+++ rN+
                  | Int-2}
 54329 | Vaults:4 | Identified the +2 pair of gloves of the Swan {rN+ Dex+4
                  | Stlth+} (Okawaru gifted it to you on level 4 of the Vaults)
 54329 | Vaults:4 | Received a gift from Okawaru
 54891 | Vaults:4 | Reached XP level 22. HP: 201/220 MP: 20/29
 55467 | Crypt:1  | Entered Level 1 of the Crypt
 55757 | Crypt:1  | Identified the ring of Ablatado {rElec Will++ Int-3 Slay+4}
 55803 | Crypt:1  | Identified the +4 arbalest of Poot {vorpal, rPois rC+}
 55869 | Crypt:1  | Upgraded the game from 0.30-a0-385-gfebfb9b408 to
                  | 0.30-a0-389-g8d7d949f56
 55985 | Crypt:1  | Noticed a royal mummy
 56006 | Crypt:1  | Killed a royal mummy
 56006 | Crypt:1  | Noticed a royal mummy
 56008 | Crypt:1  | Noticed Khufu
 56204 | Crypt:1  | Killed Khufu
 56319 | Crypt:1  | Killed a royal mummy
 56319 | Crypt:1  | Received a gift from Okawaru
 57050 | Crypt:2  | Identified the +1 robe "Vinaozom" {rN+}
 57182 | Crypt:2  | Identified the +0 pair of gloves "Zunk" {rN+ Will+}
                  | (Okawaru gifted it to you on level 2 of the Crypt)
 57182 | Crypt:2  | Received a gift from Okawaru
 57668 | Crypt:2  | Noticed Bai Suzhen
 57679 | Crypt:2  | Killed Bai Suzhen
 57762 | Crypt:2  | Noticed Grunn
 57776 | Crypt:2  | Killed Grunn
 57962 | Crypt:3  | Entered Level 3 of the Crypt
 58088 | Crypt:3  | Upgraded the game from 0.30-a0-389-g8d7d949f56 to
                  | 0.30-a0-390-g80c34de65d
 58609 | Crypt:3  | Found a basalt altar of Yredelemnul.
 58609 | Crypt:3  | Found an ancient bone altar of Kikubaaqudgha.
 58612 | Abyss:3  | Found a corrupted altar of Lugonu.
 58612 | Abyss:3  | Cast into level 3 of the Abyss (profane servitor)
 58733 | Abyss:3  | Reached XP level 23. HP: 207/232 MP: 21/30
 58877 | Abyss:3  | Received a gift from Okawaru
 58998 | Abyss:3  | Received a gift from Okawaru
 59217 | Abyss:3  | Got an abyssal rune of Zot
 59228 | Crypt:3  | Escaped the Abyss
 59442 | Crypt:3  | Got the Codex of Stolen Souls
 59586 | Crypt:3  | Found a staircase to the Tomb.
 59983 | Depths:1 | Entered Level 1 of the Depths
 60175 | Depths:1 | Found a runed translucent door.
 60175 | Depths:1 | Noticed a juggernaut
 60186 | Depths:1 | Received a gift from Okawaru
 60236 | Depths:1 | Killed a juggernaut
 60477 | Depths:1 | Found a gateway to Hell.
 60687 | Depths:1 | Found a portal to a secret trove of treasure.
 61045 | Depths:1 | You paid a toll of 18 scrolls of teleportation to enter a
                  | treasure trove
 61046 | Trove    | Entered a treasure trove
 61068 | Trove    | Got Sif Muna's Quarto of the Singed Snowflakes
 61078 | Trove    | Got Sif Muna's Almanac of Baleful Evolution
 61207 | Depths:2 | Found a one-way gateway to a ziggurat.
 61271 | Depths:2 | Found Tuwy's General Store.
 61276 | Depths:2 | Bought a scroll of teleportation for 48 gold pieces
 61276 | Depths:2 | Bought a potion of curing for 48 gold pieces
 61276 | Depths:2 | Bought a scroll of blinking for 120 gold pieces
 61327 | Depths:2 | Received a gift from Okawaru
 61403 | Depths:2 | Found a one-way gate leading to the halls of Pandemonium.
 61487 | Depths:2 | Noticed a juggernaut
 61501 | Depths:2 | Killed a juggernaut
 61507 | Abyss:3  | Cast into level 3 of the Abyss (a wizard)
 61580 | Abyss:3  | Reached skill level 1 in Transmutations
 61584 | Abyss:3  | Received a gift from Okawaru
 61730 | Depths:2 | Escaped the Abyss
 62207 | Depths:2 | Reached XP level 24. HP: 199/245 MP: 21/30
 62438 | Depths:2 | Paralysed by a floating eye for 4 turns
 62449 | Depths:2 | Paralysed by a floating eye for 4 turns
 62457 | Depths:2 | Paralysed by a floating eye for 3 turns
 62468 | Depths:2 | Received a gift from Okawaru
 63384 | Depths:3 | Received a gift from Okawaru
 63412 | Depths:3 | Received a gift from Okawaru
 63670 | Depths:3 | Found a shimmering altar of Xom.
 63731 | Depths:3 | Found a magical portal.
 63740 | WizLab   | Entered Alistair's Party Mansion
 63753 | WizLab   | Received a gift from Okawaru
 63826 | WizLab   | Paralysed by a sphinx for 4 turns
 63839 | WizLab   | Reached skill level 5 in Transmutations
 63854 | Abyss:3  | Cast into level 3 of the Abyss (a wizard)
 63986 | WizLab   | Escaped the Abyss
 64020 | WizLab   | Got the Lectures on the Snake and Transmutation
 64352 | WizLab   | Acquired 848 gold pieces
 64807 | Depths:3 | Noticed Mara
 64828 | Depths:3 | Noticed ratemal's illusion
 64837 | Depths:3 | Killed Mara
 65147 | Depths:3 | Identified the +1 ring mail of Zoazueme {rF+ Str-5 Stlth+}
 65324 | Depths:4 | Entered Level 4 of the Depths
 65414 | Depths:4 | Received a gift from Okawaru
 65424 | Depths:4 | Reached XP level 25. HP: 241/255 MP: 19/30
 65443 | Depths:4 | Reached skill level 27 in Fighting
 65447 | Depths:4 | Received a gift from Okawaru
 65676 | Depths:4 | Found a gate to the Realm of Zot.
 66086 | Slime:1  | Entered Level 1 of the Pits of Slime
 67619 | Slime:5  | Entered Level 5 of the Pits of Slime
 67717 | Slime:5  | Gained mutation: You are dopey. (Int -2) [a shining eye]
 67777 | Slime:5  | Noticed the Royal Jelly
 67782 | Slime:5  | Paralysed by a floating eye for 4 turns
 67786 | Arena    | Entered the Arena
 67807 | Arena    | Killed the Royal Jelly
 67961 | Slime:5  | Received a gift from Okawaru
 68088 | Slime:5  | Gained mutation: Your body sometimes deteriorates upon
                  | taking damage. [a shining eye]
 68089 | Slime:5  | Gained mutation: You are clumsy. (Dex -2) [a shining eye]
 68206 | Slime:5  | Found the +3 giant club "Skullcrusher" {speed, Str+7}
 68214 | Slime:5  | Identified the ring of the Locust {rF+ rN+++ Str-5 Dex-3
                  | SInv}
 68270 | Slime:5  | Got a slimy rune of Zot
 68278 | Slime:5  | Identified the +1 robe of Peqel {rN+ rCorr}
 68287 | Slime:5  | Identified the +1 pair of boots of Aruneacw {rElec rN++}
 68357 | Slime:5  | Identified the ring "Hotifuim" {Wiz rPois rF+}
 68368 | Slime:5  | Identified the +0 ring mail of Syaw {rF+ rC++ rN++}
 68370 | Slime:5  | Identified the +1 chain mail "Upoxeott" {rPois Regen+
                  | Slay-6 SInv}
 68603 | Slime:5  | Lost mutation: You occasionally shout uncontrollably at
                  | your foes. [potion of mutation]
 68603 | Slime:5  | Lost mutation: You are clumsy. (Dex -2) [potion of
                  | mutation]
 68603 | Slime:5  | Lost mutation: Your muscles are strong. (Str +4, Int/Dex
                  | -1) [potion of mutation]
 68603 | Slime:5  | Gained mutation: You have hidden genetic defects. [potion
                  | of mutation]
 68604 | Slime:5  | Lost mutation: Your body sometimes deteriorates upon taking
                  | damage. [potion of mutation]
 68604 | Slime:5  | Lost mutation: You are dopey. (Int -2) [potion of mutation]
 68604 | Slime:5  | Gained mutation: Your spells are a little easier to cast,
                  | but a little less powerful. [potion of mutation]
 68604 | Slime:5  | Gained mutation: You are vulnerable to cold. (rC-) [potion
                  | of mutation]
 68605 | Slime:5  | Lost mutation: You are vulnerable to cold. (rC-) [potion of
                  | mutation]
 68605 | Slime:5  | Lost mutation: You have hidden genetic defects. [potion of
                  | mutation]
 68605 | Slime:5  | Lost mutation: Your spells are a little easier to cast, but
                  | a little less powerful. [potion of mutation]
 68605 | Slime:5  | Gained mutation: You occasionally shout uncontrollably at
                  | your foes. [potion of mutation]
 68605 | Slime:5  | Gained mutation: You possess an exceptional clarity of
                  | mind. [potion of mutation]
 68605 | Slime:5  | Lost mutation: You possess an exceptional clarity of mind.
                  | [potion of mutation]
 68605 | Slime:5  | Gained mutation: Your flesh is heat resistant. (rF+)
                  | [potion of mutation]
 69027 | Vaults:5 | Entered Level 5 of the Vaults
 69039 | Vaults:5 | Received a gift from Okawaru
 69039 | Vaults:5 | Noticed an ancient lich
 69065 | Vaults:5 | Killed an ancient lich
 69065 | Vaults:5 | Received a gift from Okawaru
 69301 | Vaults:5 | Identified the +7 chain mail "Agib" {-Cast rElec rC++
                  | rCorr}
 69331 | Vaults:5 | Identified the +0 cloak of the Ladybird {*Corrode rPois rF+
                  | Dex+4}
 69542 | Vaults:5 | Found Jenk's Assorted Antiques.
 69544 | Vaults:5 | Identified the +0 ring mail of Evolution {Harm rPois Str-4
                  | Stlth-}
 69645 | Vaults:5 | Received a gift from Okawaru
 69648 | Vaults:5 | Noticed Sojobo
 69657 | Vaults:5 | Killed Sojobo
 69705 | Vaults:5 | Reached XP level 26. HP: 255/266 MP: 21/30
 69811 | Vaults:5 | Reached skill level 10 in Transmutations
 69844 | Vaults:5 | Got a silver rune of Zot
 69912 | Vaults:5 | Identified the +2 helmet of Kuliuto {-Cast rElec Will+}
 70395 | Vaults:5 | Identified the +5 scale mail of Somewhere Else {Dex+3}
 70428 | Vaults:5 | Identified the +6 hand axe of the Hero {flame, Drain rElec
                  | rN++}
 70446 | Vaults:5 | Identified the +6 war axe of the Ecumenical Temple {speed,
                  | rF+ Dex+7}
 71154 | Zot:1    | Entered Level 1 of the Realm of Zot
 72098 | Zot:1    | Identified the +11 flail "Aguttekh" {venom, Dex+3}
 73712 | Zot:2    | Received a gift from Okawaru
 74009 | Zot:2    | Reached skill level 27 in Armour
 74041 | Zot:2    | Identified the +11 trident of Extinguishment {vorpal, rF+}
 75279 | Zot:3    | Identified the +2 scale mail "Ycsivocw" {Int+3 Stlth+}
 75408 | Zot:3    | Received a gift from Okawaru
 75659 | Zot:4    | Noticed an ancient lich
 75662 | Zot:4    | Found a transporter.
 75663 | Zot:4    | Found a shimmering blue altar of Sif Muna.
 75969 | Zot:4    | Noticed an ancient lich
 76491 | Zot:4    | Noticed a dread lich
 76676 | Zot:4    | Noticed an orb of fire
 76710 | Zot:4    | Killed a dread lich
 76722 | Zot:4    | Killed an orb of fire
 76723 | Zot:4    | Reached XP level 27. HP: 206/273 MP: 7/30
 76727 | Zot:4    | Killed an ancient lich
 76741 | Zot:4    | Killed an ancient lich
 76875 | Zot:4    | Identified the +0 cloak of Arebut {rPois rF+++ Dex-5}
 76895 | Zot:4    | Found a transporter.
 76931 | Zot:5    | Entered Level 5 of the Realm of Zot
 76966 | Zot:5    | Noticed an orb of fire
 76976 | Zot:5    | Killed an orb of fire
 77180 | Zot:5    | Received a gift from Okawaru
 77786 | Zot:5    | Noticed an ancient lich
 77798 | Zot:5    | Killed an ancient lich
 77831 | Zot:5    | Noticed an orb of fire
 77972 | Zot:5    | Gained mutation: You are weak. (Str -2) [an orb of fire]
 77979 | Zot:5    | Killed an orb of fire
 77979 | Zot:5    | Received a gift from Okawaru
 78135 | Zot:5    | Noticed a dread lich
 78148 | Zot:5    | Killed a dread lich
 78149 | Zot:5    | Received a gift from Okawaru
 78187 | Zot:5    | Reached skill level 1 in Spellcasting
 78190 | Zot:5    | Noticed an orb of fire
 78199 | Zot:5    | Noticed an ancient lich
 78202 | Zot:5    | Killed an orb of fire
 78205 | Zot:5    | Killed an ancient lich
 78209 | Zot:5    | Noticed an ancient lich
 78211 | Zot:5    | Noticed a dread lich
 78409 | Zot:5    | Killed an ancient lich
 78434 | Zot:5    | Killed a dread lich
 78435 | Zot:5    | Reached skill level 27 in Dodging
 78457 | Zot:5    | Noticed an ancient lich
 78464 | Zot:5    | Killed an ancient lich
 78483 | Zot:5    | Noticed a dread lich
 78483 | Zot:5    | Received a gift from Okawaru
 78495 | Zot:5    | Killed a dread lich
 78779 | Zot:5    | Got the Orb of Zot
 78969 | Depths:4 | Noticed Tiotsefu the pandemonium lord
 78974 | Depths:4 | Killed Tiotsefu the pandemonium lord
 78974 | Depths:4 | Identified the +3 battleaxe of Dried Tears {speed, rC-
                  | Str+10} (Okawaru gifted it to you on level 4 of the Depths)
 78974 | Depths:4 | Received a gift from Okawaru
 79054 | Depths:1 | Noticed Peruh Jijots the pandemonium lord
 79060 | Depths:1 | Killed Peruh Jijots the pandemonium lord
 79091 | Depths:1 | Noticed Raron the pandemonium lord
 79097 | Depths:1 | Killed Raron the pandemonium lord
 79104 | D:15     | Noticed Ihee the pandemonium lord
 79127 | D:15     | Killed Ihee the pandemonium lord
 79213 | D:14     | Noticed Deacsius the pandemonium lord
 79283 | D:12     | Noticed Tyfa the pandemonium lord
 79529 | D:4      | Gained mutation: You sometimes lose your temper in combat.
                  | [a neqoxec]
 79599 | D:$      | Escaped with the Orb!

Illustrated notes

Levels and vault maps discovered:
D:1:      amcnicky_arrival_feature_with_door, layout_rooms,
          hellmonk_ecumenical_altar_slurped_away
D:2:      layout_basic, basic_altar
D:3:      layout_rooms, gup_sewer_entry_spiral, serial_shops, shop_fountains,
          kennysheep_pointless_box, uniq_grinder
D:4:      layout_rooms, minmay_temple_entry_steel_oval, serial_shops,
          nicolae_shop_bloodbath_and_beyond
D:5:      layout_basic, grunt_dithmenos_smoke_and_mirrors,
          general_overflow_altar, serial_aquarium, aquarium_bridge_long_joined
          [aquarium_subvault_balcony, aquarium_subvault_wall,
          aquarium_subvault_bridge, aquarium_subvault_bridge,
          aquarium_subvault_bridge, aquarium_subvault_window],
          aquarium_bridge_island_small [aquarium_subvault_small_open,
          aquarium_subvault_bridge, aquarium_subvault_wall,
          aquarium_subvault_window, aquarium_subvault_window],
          aquarium_window_2, aquarium_window_2, aquarium_window_fake,
          aquarium_window_fake, aquarium_view_2c, aquarium_pool_corner
D:6:      layout_basic, nemelex_dance_club_becter, overflow_temple_1_default
D:7:      layout_basic, kennysheep_mini_moat, minivault_26, uniq_prince_ribbit1
D:8:      minmay_chambers_of_sevens, layout_basic,
          lemuel_coloured_pillars_altar, hangedman_abyss_or_decor_clamps,
          uniq_joseph, uniq_erica
D:9:      layout_basic, vehumet_statue, hellmonk_lair_entry_icy,
          biasface_ghost_orc_armoury, serial_shops, shop
D:10:     layout_loops_ring, tgw_kikubaaqudgha, corner_web_ring, uniq_gastronok
D:11:     layout_irregular_city, lemuel_flamethrower_1
D:12:     layout_stronghold, hiddenorc2_lemuel, ebering_ghost_funeral_grove,
          okawaru_humans, uniq_erolcha
D:13:     layout_irregular_city, uniq_snorg
D:14:     kennysheep_four_of_diamonds, layout_irregular_city,
          trog_three_pillars_becter, serial_glass, glass_columns_b,
          glass_columns_a, uniq_josephine, uniq_rupert
D:15:     grunt_enter_depths_magical_seal, layout_layer_cave,
          nicolae_cairo_tiling_large
Temple:   eino_temple_lava
Lair:1:   layout_gridlike, minmay_lair_oklob_bushes, dpeg_stationary_puzzle
Lair:2:   layout_regular_city, enter_volcano_1, beast_lair_carwin_4
Lair:3:   layout_gridlike, minmay_shoals_entry_centaurs,
          spider_nest_entry_web_field, beast_lair_carwin_5,
          infiniplex_staircase_pool, lemuel_fruit_fields, serial_bayou_shore_b,
          uniq_urug
Lair:4:   layout_cave_pods, minmay_slime_entry_oklob_enclosed, basic_altar,
          gammafunk_ghost_grave, uniq_nessos
Lair:5:   gammafunk_lair_ancient_temple, layout_long_grid, serial_bayou_ford_a
Shoals:1: layout_shoals, serial_shops, shop, nicolae_shoals_abyss_on_the_beach
Shoals:2: layout_shoals, uniq_ilsuiw
Shoals:3: layout_shoals, serial_shops, nicolae_shop_behind_doors
Shoals:4: shoals_end_hangedman, layout_shoals, nicolae_shop_dragon_depot
Spider:1: layout_chambers, nicolae_crawler_farm, uniq_louise
Spider:2: layout_chambers, uniq_arachne
Spider:3: layout_cave_pods, nicolae_spider_bug_shape
Spider:4: floodkiller_spider_rune_tomb, uniq_asterion
Slime:1:  layout_caves
Slime:2:  cheibrodos_slime_lost_civilization_9, layout_caves
Slime:3:  layout_caves
Slime:4:  layout_caves
Slime:5
Orc:1:    layout_caves, serial_shops, shop, shop_coins, shop,
          hellmonk_bongcloud_opening, uniq_maurice, uniq_fannar, uniq_jorgrun
Orc:2:    st_orc_ogre_mass, layout_caves, ebering_ghost_inner_flame,
          gauntlet_entry_generic
Elf:1:    layout_geoelf_diagonals, basic_altar, evilmike_minifort,
          minmay_shop_grove
Elf:2:    elven_hall_of_blades_hangedman_alternative
          [nicolae_vaults_blade_armed_guards], layout_loops_corners,
          serial_shops, nicolae_stop_n_shop_2
Elf:3:    minmay_elf_hall_curves, layout_loops_cross, nrook_loot_triangle,
          due_unseen_surprise
Vaults:1: ontoclasm_vaults_shuriken, minmay_guarded_unrand_guard_vaults,
          ontoclasm_vaults_chip, ontoclasm_vaults_misaligned,
          grunt_vaults_twisty, ontoclasm_vaults_chip, vaults_standard_mumra_x,
          vaults_room_large_hall, ontoclasm_vaults_bender,
          dpeg_vaults_monster_box, vaults_room_ringed_pool,
          layout_vaults_big_room
Vaults:2: portal_desolation_entry_nicolae_forbidding_blocks, vaults_mumra_hex,
          ontoclasm_vaults_eye, nicolae_vaults_little_squares_3,
          grunt_vaults_hallway_short, hangedman_vaults_hat,
          ontoclasm_vaults_pinch, v_misc_18, hangedman_vaults_variations,
          nicolae_vaults_network_s, vaults_room_stairs_pillars,
          vaults_room_large_hall, nicolae_vaults_circle_grid_b,
          ontoclasm_vaults_idyll, nicolae_vaults_diagonal_hallway_7,
          nicolae_vaults_little_squares_1, layout_vaults_omnibox, serial_shops,
          shop_statue
Vaults:3: minmay_crypt_entry_simple_plaza, ontoclasm_vaults_hangar,
          ontoclasm_vaults_fault, hangedman_vaults_locks, vaults_mumra_hexcomb,
          hangedman_vaults_slither, v_misc_30, vaults_room_corners, kb_rosetta,
          ontoclasm_vaults_twist, vaults_room_grid, hangedman_vaults_impose,
          nicolae_vaults_specimen_jars, nicolae_vaults_network_periphery,
          layout_vaults_maze_bifur, serial_shops, nicolae_diamond_shop,
          uniq_mennas
Vaults:4: nicolae_vaults_big_ls, v_rooms_6, grunt_vaults_bifocal, v_misc_10,
          v_misc_22, v_misc_25, vaults_room_pool, v_alt_pattern_6,
          hangedman_vaults_nails, ontoclasm_vaults_spin, vaults_room_semicircle,
          vaults_room_pool, nicolae_vaults_shelves_hall, layout_vaults_ring,
          serial_shops, shop
Vaults:5: uniq_sojobo
Crypt:1:  layout_rooms, grunt_ministairs_15, grunt_crypt_arrival_split,
          grunt_megastairs_3, uniq_khufu
Crypt:2:  layout_misc_corridors, uniq_josephina, uniq_grunn, uniq_bai_suzhen
Crypt:3:  lightli_unholy_cathedral, layout_chaotic_city
Depths:1: layout_basic, grunt_hell_entry_dis_grunt,
          nicolae_trove_entry_diagonal, minmay_misc_feat_cross,
          grunt_ministairs_2, minmay_holes, chequers_serial_rivers_marsh,
          minmay_hidden_floor
Depths:2: kennysheep_snake, layout_gridlike, enter_ziggurat_b, serial_shops,
          nicolae_shop_hallway_stairs, rand_demon_pan_entry_5, hell_entry,
          kennysheep_random_hallway
Depths:3: minmay_blocking_statues, layout_cave_pools, xom_teletrap_fun,
          mu_enter_wizlab_3, grunt_pan_entry_sceptre, hell_entry,
          nicolae_abyss_entry_one_way_or_another,
          hangedman_abyss_or_decor_lesser_grid, uniq_mara
Depths:4: evilmike_zot_entry_diamond, layout_cave_shapes,
          pf_dread_powers_of_hell, minmay_misc_feat_alley, pan_entry
Zot:1:    lemuel_draconian_sentries, layout_basic
Zot:2:    layout_misc_corridors
Zot:3:    kennysheep_oblong_rooms, layout_basic
Zot:4:    gammafunk_sealed_library, layout_gridlike
Zot:5:    layout_onion

Skill      XL: |  1  2  3  4  5  6  7  8  9 10 11 12 13 14 15 16 17 18 19 20 21 22 23 24 25 26 27 |
---------------+----------------------------------------------------------------------------------+-----
Axes           | 3 4 5 6 8 11 13 15 17 18 19 20 22 24 | 24.7
Dodging        | 1 2 3 5 6 7 9 10 12 13 14 16 17 19 20 22 23 24 25 27 | 27.0
Fighting       | 4 5 6 8 10 11 13 14 15 16 17 18 19 20 21 23 24 25 26 27 | 27.0
Armour         | 4 5 6 8 9 11 13 14 16 17 19 20 22 23 24 26 27 | 27.0
Shields        | 4 5 6 |  6.2
Throwing       | 2 4 6 7 8 9 11 12 13 14 16 | 16.0
Invocations    | 4 7 8 9 10 11 | 11.0
Evocations     | 4 5 7 |  7.5
Transmutations | 2 6 9 12 14 | 14.8
Spellcasting   | 4 |  4.8

Action                   |  1- 3 |  4- 6 |  7- 9 | 10-12 | 13-15 | 16-18 | 19-21 | 22-24 | 25-27 || total
-------------------------+-------+-------+-------+-------+-------+-------+-------+-------+-------++-------
Melee: War axe           |    70 |   125 |   205 |   142 |       |       |       |       |       ||   542
       Headbutt          |     9 |    14 |    29 |    78 |   156 |   206 |   261 |   334 |   409 ||  1496
       Battleaxe         |       |       |    13 |   166 |   650 |   732 |   884 |  1100 |  1135 ||  4680
       Broad axe         |       |       |       |    20 |       |       |       |       |       ||    20
       Great mace        |       |       |       |     9 |     9 |    12 |       |       |       ||    30
       Unarmed           |       |       |       |       |       |       |       |       |    11 ||    11
Throw: Boomerang         |       |       |   104 |   116 |   109 |   502 |   149 |   298 |    81 ||  1359
       Javelin           |       |       |     5 |    29 |    75 |    89 |   152 |    66 |   178 ||   594
       Throwing net      |       |       |       |       |       |       |       |       |     4 ||     4
 Cast: Wereblood         |       |       |       |       |       |       |       |     3 |    21 ||    24
Invok: Heroism           |       |       |    13 |    15 |    23 |    20 |    12 |    13 |     7 ||   103
       Finesse           |       |       |       |     4 |    14 |    10 |     9 |    13 |    21 ||    71
       Duel              |       |       |       |       |       |       |       |       |     1 ||     1
Evoke: Wand              |       |       |       |     1 |       |     1 |       |       |    10 ||    12
       Lightning rod     |       |       |       |       |     1 |       |     1 |       |       ||     2
       Condenser vane    |       |       |       |       |     1 |       |     1 |       |       ||     2
       Phial of floods   |       |       |       |       |     1 |       |       |       |       ||     1
  Use: Potion            |     1 |     1 |     4 |     3 |     1 |     2 |     6 |     6 |    25 ||    49
       Scroll            |       |     1 |     9 |    11 |     9 |     6 |     4 |    11 |    20 ||    71
 Stab: Distracted        |       |       |       |       |     8 |    19 |    15 |    20 |    40 ||   102
       Petrified         |       |       |       |       |     8 |       |       |       |       ||     8
       Petrifying        |       |       |       |       |     1 |       |       |       |       ||     1
       Confused          |       |       |       |       |       |       |       |     1 |     1 ||     2
Armor: Scale mail        |    25 |    74 |    65 |    29 |       |       |       |       |       ||   193
       Skin              |       |       |     2 |       |       |       |       |       |     7 ||     9
       Chain mail        |       |       |     2 |       |       |       |       |       |       ||     2
       Plate armour      |       |       |       |   109 |   320 |   227 |       |       |       ||   656
       Gold dragon scale |       |       |       |       |       |   209 |   305 |   473 |   588 ||  1575
Dodge: Dodged            |    28 |    92 |    98 |   149 |   246 |   360 |   328 |   511 |   627 ||  2439
Block: Buckler           |    10 |    39 |    47 |    43 |       |       |       |       |       ||   139

Table legend: (Time is in decaauts)
 A = Elapsed time spent in this place.
 B = Non-inter-level travel time spent in this place.
 C = Inter-level travel time spent in this place.
 D = Time resting spent in this place.
 E = Time spent auto-exploring this place.
 F = Levels seen in this place.
 G = Mean time per level.
                   A        B        C        D        E       F      G
               +--------+--------+--------+--------+--------+-----+--------+
         Total |  77623 |  70811 |   6812 |  17149 |  37037 |  66 | 1176.1 |
       Dungeon |  20031 |  17252 |   2779 |   3681 |   9747 |  15 | 1335.4 |
        Temple |     16 |      2 |     14 |      0 |      0 |   1 |   16.0 |
          Lair |   6772 |   5759 |   1013 |   1061 |   3335 |   5 | 1354.4 |
        Shoals |   6006 |   5728 |    278 |   2184 |   2567 |   4 | 1501.5 |
   Spider Nest |   5782 |   5644 |    138 |   1403 |   3180 |   4 | 1445.5 |
    Slime Pits |   2453 |   2286 |    167 |    336 |   1587 |   5 |  490.6 |
  Orcish Mines |   1678 |   1469 |    209 |    303 |    793 |   2 |  839.0 |
   Elven Halls |   5096 |   4852 |    244 |   1408 |   2505 |   3 | 1698.7 |
        Vaults |   8832 |   8223 |    609 |   2703 |   3994 |   5 | 1766.4 |
         Crypt |   3383 |   3173 |    210 |    796 |   1626 |   3 | 1127.7 |
        Depths |   5201 |   4460 |    741 |    392 |   2939 |   4 | 1300.2 |
           Zot |   7240 |   6833 |    407 |   1498 |   3377 |   5 | 1448.0 |
         Abyss |    869 |    869 |      0 |    148 |    144 |   3 |  289.7 |
         Trove |     86 |     86 |      0 |      0 |     41 |   1 |   86.0 |
         Sewer |    598 |    598 |      0 |    102 |    313 |   1 |  598.0 |
       Volcano |    425 |    425 |      0 |    132 |    176 |   1 |  425.0 |
        Wizlab |    680 |    680 |      0 |    112 |    204 |   1 |  680.0 |
    Desolation |   1411 |   1411 |      0 |    688 |    133 |   1 | 1411.0 |
      Gauntlet |   1018 |   1018 |      0 |    197 |    374 |   1 | 1018.0 |
         Arena |     38 |     38 |      0 |      0 |      0 |   1 |   38.0 |
               +--------+--------+--------+--------+--------+-----+--------+

Top non-repeatable levels by time:
Vaults:1: 2567 daAuts
Vaults:3: 2197 daAuts
   Elf:2: 2185 daAuts
Depths:2: 1960 daAuts
    D:12: 1900 daAuts
Shoals:3: 1740 daAuts
    D:15: 1725 daAuts
  Lair:5: 1711 daAuts
    D:14: 1711 daAuts
  Lair:4: 1651 daAuts
     D:8: 1639 daAuts
     D:6: 1626 daAuts
   Zot:5: 1621 daAuts
Shoals:1: 1617 daAuts
Spider:4: 1581 daAuts
